Map: Miner Evacuation

Players

monk

  • Race: Protoss Protoss
  • Spawn Location: 7:00

sTkmonk

  • Race: Terran Terran
  • Spawn Location: 7:00

VOD

Have the link to the VOD?

Description

Time

  • Played on: July 27, 2017, 11:13 a.m.
  • Length: 25:39
Show
View Real Time Build Order
Export as new Build Order

monk Protoss 

Build Orders:  

Get SALT Encoding   

  12  0:03  Probe (Chrono Boost)  
  13  0:17  Probe (Chrono Boost)  
  14  0:21  Dark Pylon  
  14  0:27  Assimilator  
  14  0:31  Probe (Chrono Boost)  
  15  0:40  Assimilator  
  15  0:45  Probe (Chrono Boost)  
  16  0:58  Probe (Chrono Boost)  
  17  1:12  Gateway  
  17  1:13  Probe (Chrono Boost)  
  18  1:27  Probe (Chrono Boost)  
  19  1:40  Probe (Chrono Boost)  
  20  1:54  Probe (Chrono Boost)  
  21  2:08  Probe (Chrono Boost)  
  22  2:24  Cybernetics Core  
  22  2:27  Forge  
  22  2:29  Pylon  
  22  3:14  Dark Pylon  
  22  3:27  Photon Cannon  
  22  3:29  Photon Cannon  
  22  3:32  Photon Cannon  
  22  3:52  Protoss Air Weapons Level 1  
  22  3:55  Stargate  
  22  4:11  Photon Cannon  
  22  4:15  Dark Pylon, Assimilator  
  22  4:18  Assimilator  
  22  4:22  Photon Cannon x2  
  22  4:26  Photon Cannon x2  
  22  4:33  Pylon  
  22  4:43  Photon Cannon  
  22  4:51  Void Ray (Chrono Boost)  
  26  5:44  Void Ray (Chrono Boost)  
  26  5:48  Nexus  
  30  5:50  Probe (Chrono Boost)  
  31  6:05  Probe (Chrono Boost)  
  32  6:18  Probe (Chrono Boost)  
  33  6:32  Probe (Chrono Boost)  
  33  6:35  Pylon  
  34  6:42  Void Ray  
  34  6:46  Probe (Chrono Boost)  
  38  7:00  Probe (Chrono Boost)  
  38  7:07  Protoss Air Weapons Level 2 (Chrono Boost)  
  39  7:14  Probe (Chrono Boost)  
  40  7:28  Probe (Chrono Boost)  
  41  7:31  Probe (Chrono Boost)  
  42  7:42  Void Ray, Probe (Chrono Boost)  
  42  7:45  Probe (Chrono Boost)  
  48  7:56  Probe (Chrono Boost)  
  48  7:59  Probe (Chrono Boost)  
  49  8:09  Probe (Chrono Boost)  
  50  8:13  Probe (Chrono Boost)  
  50  8:17  Stargate  
  52  8:30  Stargate  
  52  8:33  Stargate  
  52  8:40  Probe (Chrono Boost)  
  52  8:41  Void Ray  
  52  8:43  Probe (Chrono Boost)  
  58  8:54  Probe (Chrono Boost)  
  59  9:04  Pylon  
  59  9:08  Probe (Chrono Boost)  
  60  9:15  Dark Pylon  
  60  9:21  Void Ray  
  60  9:23  Photon Cannon  
  60  9:25  Photon Cannon  
  60  9:26  Pylon  
  64  9:31  Pylon  
  64  9:43  Void Ray  
  68  9:53  Void Ray (Chrono Boost)  
  68  9:55  Void Ray (Chrono Boost)  
  76  10:21  Pylon  
  76  10:27  Void Ray (Chrono Boost)  
  80  10:40  Void Ray (Chrono Boost)  
  80  10:48  Fleet Beacon  
  84  11:14  Void Ray (Chrono Boost)  
  84  11:15  Oracle (Chrono Boost)  
  92  11:25  Void Ray (Chrono Boost), Pylon  
  92  11:26  Pylon  
  96  11:33  Void Ray (Chrono Boost)  
  99  11:45  Protoss Air Weapons Level 3 (Chrono Boost)  
  99  11:56  Void Ray (Chrono Boost)  
  99  11:58  Prismatic Range  
  103  12:09  Void Ray (Chrono Boost)  
  107  12:28  Pylon  
  106  12:30  Pylon  
  106  12:32  Pylon  
  106  13:02  Pylon  
  106  13:04  Pylon  
  106  13:11  Void Ray x2 (Chrono Boost)  
  106  13:14  Void Ray (Chrono Boost)  
  118  13:24  Pylon  
  118  13:26  Pylon  
  118  13:32  Void Ray  
  122  14:17  Void Ray  
  122  14:18  Void Ray  
  130  14:21  Void Ray x2  
  134  14:36  Pylon, Probe  
  134  14:39  Pylon  
  139  15:07  Dark Pylon  
  139  15:11  Photon Cannon  
  139  15:12  Photon Cannon  
  139  15:13  Pylon  
  139  15:14  Pylon  
  139  15:17  Void Ray  
  139  15:18  Void Ray  
  147  15:24  Void Ray  
  147  15:32  Protoss Shields Level 1 (Chrono Boost)  
  147  15:33  Void Ray  
  155  15:57  Oracle  
  155  16:17  Void Ray  
  162  16:20  Void Ray  
  162  16:33  Void Ray  
  170  16:52  Dark Pylon  
  170  17:12  Void Ray  
  170  17:23  Void Ray x2  
  170  17:29  Pylon  
  181  17:30  Pylon  
  181  17:45  Pylon  
  181  17:47  Pylon  
  181  17:49  Pylon  
  181  17:55  Void Ray  
  185  18:21  Void Ray  
  185  18:31  Void Ray x2  
  185  18:35  Oracle  
  200  19:10  Pylon  
  200  19:33  Nexus, Oracle  
  200  19:38  Nexus  
  200  19:39  Nexus  
  193  19:57  Void Ray  
  200  20:20  Protoss Air Armor Level 1 (Chrono Boost)  
  199  22:22  Probe  
  200  22:59  Nexus  
  200  23:01  Nexus  
  200  23:06  Nexus  
  200  23:09  Nexus  
  200  23:39  Oracle  
  199  24:43  Probe  
Show
View Real Time Build Order
Export as new Build Order

sTkmonk Terran 

Build Orders:  

Get SALT Encoding   

Tags
 
Add a new tag
Caveats
  • Supply blocks, unpowered buildings, or Contaminate may cause inaccurate times.
  • Supply counts are checked every 10 seconds.